 Dungeon Sprint DCSS version 0.30-a0-1160-g6e42c06551 (webtiles) character file.

Game seed: 2762799024630415425

1250 sircluck the Severer (level 8, -2/86 HPs)
             Began as a Hill Orc Berserker on Apr 26, 2023.
             Was an Elder of Trog.
             Slain by a troll (11 damage)
             ... in the Dungeon (Sprint IX: "|||||||||||||||||||||||||||||").
             The game lasted 00:01:23 (244 turns).

sircluck the Severer (Hill Orc Berserker)            Turns: 244, Time: 00:01:23

Health: -2/86      AC: 15    Str: 22    XL:     8   Next: 50%
Magic:  8/8        EV: 10    Int:  7    God:    Trog [****..]
Gold:   0          SH:  0    Dex: 10    Spells: 7/7 levels left

rFire   . . .        k - +3 war axe (heavy)
rCold   . . .        (no shield)
rNeg    . . .        n - +1 chain mail
rPois   .            (no helmet)
rElec   .            (no cloak)
rCorr   .            m - +0 pair of gloves
SInv    .            l - +0 pair of boots
Will    .....        (no amulet) Stlth
                     o - +2 ring of protection
HPRegen 0.34/turn    (no ring)
MPRegen 0.11/turn

%: no teleportation
@: on berserk cooldown, hasted and slowed
A: no striking features
a: Renounce Religion, Berserk, Trog's Hand, Brothers in Arms


You were in the Dungeon.
You worshipped Trog.
Trog was greatly pleased with you.
You visited 1 branch

Inventory:

Hand Weapons
 a - a +0 hand axe
 k - a +3 heavy war axe (weapon)
Armour
 b - a +0 animal skin
 l - a +0 pair of boots (worn)
 m - a +0 pair of gloves (worn)
 n - a +1 chain mail (worn)
Jewellery
 o - a +2 ring of protection (left hand)
 p - a +3 ring of intelligence
Wands
 j - a wand of roots (10)
Scrolls
 h - a scroll of blinking
Potions
 c - a potion of invisibility
 d - a potion of heal wounds
 f - 4 potions of magic
 g - a potion of berserk rage
 i - 4 potions of curing


   Skills:
 + Level 13.1 Fighting
 + Level 16.2 Axes
 + Level 6.2 Armour
 + Level 5.6 Dodging


You had 7 spell levels left.
You didn't know any spells.
Your spell library was empty.

Dungeon Overview and Level Annotations

Branches:
Dungeon (1/1)

Altars:
Cheibriados
Dithmenos
Elyvilon
Fedhas
Gozag
Hepliaklqana
Kikubaaqudgha
Makhleb
Nemelex Xobeh
Okawaru
Qazlal
Ru
Sif Muna
Trog
Uskayaw
Vehumet
Wu Jian
Xom
Yredelemnul
Zin
The Shining One
Beogh
Jiyva
Lugonu


Message History

The troll bites you! The troll claws you. The troll barely misses you.
The troll misses you. The troll claws you. The troll misses you.
You are too injured to fight recklessly!
You are too injured to fight recklessly!
You are too injured to fight recklessly!
You are too injured to fight recklessly!
You are too injured to fight recklessly!
You are too injured to fight recklessly!
You are too injured to fight recklessly!
Blink to where?
Press: ? - help, Q - select action, (/) - cycle Dir - move target
As you read the scroll of blinking, it crumbles to dust.
Items here: ))))).
You see here 2 scrolls of amnesia.
There is an open door here.
There is a glowing golden altar of the Shining One here.
There is a glowing silver altar of Zin here.
There is a basalt altar of Yredelemnul here.
There is a shimmering altar of Xom here.
There is an ornate altar of the Wu Jian Council here.
There is a radiant altar of Vehumet here.
There is a hide-covered altar of Uskayaw here.
You closely miss the troll. The troll bites you. The troll claws you. x2
The troll bites you but does no damage. The troll claws you!
* * * LOW HITPOINT WARNING * * *
The troll claws you but does no damage.
You feel much better. The troll bites you! The troll claws you. x2
You feel yourself speed up. The troll barely misses you.
The troll claws you but does no damage. The troll claws you.
The troll bites you!
* * * LOW HITPOINT WARNING * * *
The troll barely misses you. x2
There is a bloodstained altar of Trog here.
The troll attacks as you move away! The troll bites you!
* * * LOW HITPOINT WARNING * * *
The troll closely misses you. x2
There is a shimmering blue altar of Sif Muna here.
There is a sacrificial altar of Ru here.
The troll attacks as you move away! The troll bites you!
You die...

▓_▓
▓_▓
▓_▓
▓_▓
▓_▓
▓_▓
▓o▓
▓T▓
▓@▓
▓_▓
▓_▓
▓_▓
▓_▓
▓_▓
▓_▓
▓_▓
▓_▓


You could see a troll and an orc warrior.

Vanquished Creatures
  A two-headed ogre (D)
  A troll (D)
  A yak (D)
  A water moccasin (D)
  A phantom (D)
  A scorpion (D)
  A howler monkey (D)
  A hound (D)
  An iguana (D)
  A goblin (D)
  A hobgoblin (D)
  A jackal (D)
  A kobold (D)
  A rat (D)
14 creatures vanquished.

Notes
Turn   | Place    | Note
-------+----------+-------------------------------------------
     0 | D        | sircluck the Hill Orc Berserker began the quest for the
                  | Orb.
     0 | D        | Reached XP level 1. HP: 19/19 MP: 1/1
     9 | D        | Reached ** piety under Trog
    17 | D        | Reached skill level 5 in Axes
    22 | D        | Noticed an iguana
    22 | D        | Noticed a scorpion
    22 | D        | Noticed a hound
    22 | D        | Noticed a water moccasin
    22 | D        | Noticed a phantom
    30 | D        | Killed a phantom
    31 | D        | Reached skill level 8 in Axes
    31 | D        | Reached XP level 2. HP: 34/34 MP: 2/2
    31 | D        | Reached XP level 3. HP: 39/39 MP: 3/3
    31 | D        | Reached XP level 4. HP: 47/47 MP: 4/4
    38 | D        | Killed a water moccasin
    38 | D        | Reached *** piety under Trog
    39 | D        | Reached skill level 10 in Axes
    39 | D        | Reached XP level 5. HP: 45/56 MP: 5/5
    42 | D        | Reached skill level 11 in Axes
    48 | D        | Reached XP level 6. HP: 5/66 MP: 6/6
    48 | D        | HP: 1/66 [iguana (7)]
    61 | D        | Found a roughly hewn altar of Beogh.
    61 | D        | Found a snail-covered altar of Cheibriados.
    61 | D        | Found a shadowy altar of Dithmenos.
    61 | D        | Found a white marble altar of Elyvilon.
    61 | D        | Found a blossoming altar of Fedhas.
    61 | D        | Found an opulent altar of Gozag.
    62 | D        | Found a hazy altar of Hepliaklqana.
    63 | D        | Found a viscous altar of Jiyva.
    64 | D        | Found an ancient bone altar of Kikubaaqudgha.
    65 | D        | Found a corrupted altar of Lugonu.
    66 | D        | Found a burning altar of Makhleb.
    67 | D        | Found a sparkling altar of Nemelex Xobeh.
    68 | D        | Found an iron altar of Okawaru.
    69 | D        | Found a stormy altar of Qazlal.
    70 | D        | Found a sacrificial altar of Ru.
    71 | D        | Found a shimmering blue altar of Sif Muna.
    72 | D        | Found a bloodstained altar of Trog.
    73 | D        | Found a hide-covered altar of Uskayaw.
    74 | D        | Found a radiant altar of Vehumet.
    75 | D        | Found an ornate altar of the Wu Jian Council.
    76 | D        | Found a shimmering altar of Xom.
    77 | D        | Found a basalt altar of Yredelemnul.
    78 | D        | Found a glowing silver altar of Zin.
    79 | D        | Found a glowing golden altar of the Shining One.
   209 | D        | Noticed an orc warrior
   209 | D        | Noticed a troll
   209 | D        | Noticed a yak
   209 | D        | Noticed a two-headed ogre
   209 | D        | Noticed a troll
   213 | D        | Killed a troll
   214 | D        | Reached skill level 13 in Axes
   214 | D        | Reached XP level 7. HP: 74/74 MP: 7/7
   216 | D        | Killed a two-headed ogre
   216 | D        | Reached **** piety under Trog
   217 | D        | Reached skill level 15 in Axes
   217 | D        | Reached skill level 5 in Dodging
   217 | D        | Reached XP level 8. HP: 85/85 MP: 8/8
   222 | D        | Killed a yak
   223 | D        | Reached skill level 16 in Axes
   244 | D        | Slain by a troll

Illustrated notes

Levels and vault maps discovered:
D:        linesprint [early_d, line_temple, items_1, d_10, items_2, lair_1,
          lair_end, items_3, orc_1, orc_end, items_4, d_15, swamp_1, shoals_1,
          snake_1, spider_1, d_20, vaults_1, items_5, swamp_end, shoals_end,
          snake_end, spider_end, vaults_end, d_27, items_6, zot_1, zot_end,
          crypt_end, forest_end, elf_end, slime_end, tomb_end, abyss_end,
          pan_hell_end]

Skill      XL: |  1  2  3  4  5  6  7  8 |
---------------+-------------------------+-----
Fighting       | 7 8 9 11 12 13 | 13.1
Axes           | 8 10 11 13 15 16 | 16.2
Armour         | 3 4 6 |  6.2
Dodging        | 2 3 4 5 |  5.6

Action                     |  1- 3 |  4- 6 |  7- 9 || total
---------------------------+-------+-------+-------++-------
  Melee: Hand axe          |    19 |    22 |       ||    41
         War axe           |       |     3 |    11 ||    14
 Invoke: Berserk           |     1 |     1 |       ||     2
    Use: Potion            |       |     2 |     2 ||     4
         Scroll            |       |       |     1 ||     1
 Armour: Animal skin       |     2 |       |       ||     2
         Chain mail        |       |     3 |     4 ||     7
  Dodge: Dodged            |     9 |    13 |    11 ||    33

Table legend: (Time is in decaauts)
 A = Elapsed time spent in this place.
 B = Non-inter-level travel time spent in this place.
 C = Inter-level travel time spent in this place.
 D = Time resting spent in this place.
 E = Time spent auto-exploring this place.
 F = Levels seen in this place.
 G = Mean time per level.
                   A        B        C        D        E       F      G
               +--------+--------+--------+--------+--------+-----+--------+
         Total |    253 |    253 |      0 |     80 |      8 |   1 |  253.0 |
       Dungeon |    253 |    253 |      0 |     80 |      8 |   1 |  253.0 |
               +--------+--------+--------+--------+--------+-----+--------+

Top non-repeatable levels by time:
       D: 253 daAuts
